 Dungeon Crawl Stone Soup version 0.27-a0-695-gb4952372f7 (webtiles) character file.

Game seed: 15734740840302027984

9 JPVeigar the Grasshopper (level 2, -2/29 HPs)
             Began as an Ogre Warper on Mar 21, 2021.
             Slain by an ooze (5 damage)
             ... on level 1 of the Dungeon.
             The game lasted 00:02:07 (349 turns).

JPVeigar the Grasshopper (Ogre Warper)               Turns: 349, Time: 00:02:08

Health: -2/29      AC:  3    Str: 14    XL:     2   Next: 12%
Magic:  5/5        EV:  9    Int: 14    God:
Gold:   26         SH:  0    Dex:  8    Spells: 4/6 levels left

rFire    . . .     SeeInvis .   a - +0 mace
rCold    . . .     Faith    .   (no shield)
rNeg     . . .     Spirit   .   b - +0 robe
rPois    .         Reflect  .   (helmet restricted)
rElec    .         Harm     .   (no cloak)
rCorr    .         Rampage  .   (gloves unavailable)
Will     .....                  (boots unavailable)
Stlth    +.........             (no amulet)
HPRegen  0.09/turn              (no ring)
MPRegen  0.09/turn              (no ring)

@: lethally poisoned (-2 -> -4)
A: large, unfitting armour, tough skin 1
a: no special abilities


You were on level 1 of the Dungeon.
You visited 1 branch of the dungeon, and saw 1 of its levels.

You collected 26 gold pieces.

Inventory:

Hand Weapons
 a - a +0 mace (weapon)
Missiles
 e - 3 boomerangs of dispersal (quivered)
Armour
 b - a +0 robe (worn)
Scrolls
 d - a scroll of blinking
Potions
 c - 2 potions of berserk rage {unknown}


   Skills:
 - Level 2.6 Fighting
 + Level 2.0 Maces & Flails
 - Level 1.0 Throwing
 - Level 2.1 Dodging
 + Level 2.7 Spellcasting
 + Level 2.9 Translocations


You had 4 spell levels left.
You knew the following spells:

 Your Spells              Type           Power      Damage    Failure   Level
a - Blink                 Tloc           N/A        N/A       10%         2

Your spell library contained the following spells:

 Spells                   Type           Power      Damage    Failure   Level
 Gell's Gravitas          Tloc           5%         N/A       21%         3
 Lesser Beckoning         Tloc           5%         N/A       21%         3
 Teleport Other           Tloc           10%        N/A       21%         3
 Manifold Assault         Tloc           10%        N/A       54%         4


Dungeon Overview and Level Annotations

Branches:
Dungeon (1/15)

Altars:


Innate Abilities, Weirdness & Mutations

You are too large for most types of armour.
You have tough skin. (AC +1)


Message History

The ooze is lightly wounded.
You feel sick. The bat hits you. The ooze hits you.
The bat hits you but does no damage. The bat hits you but does no damage.
You feel sick. The bat hits you but does no damage. The bat misses you.
You feel sick. The bat hits you. The bat hits you but does no damage.
The bat closely misses you.
You hit the bat.
The bat is moderately wounded.
You feel sick. The bat hits you but does no damage.
The ooze jiggles.
You are too injured to fight recklessly!
You are too injured to fight recklessly!
You are too injured to fight recklessly!
You barely miss the bat.
The bat is moderately wounded.
The bat hits you but does no damage. The bat hits you.
* * * LOW HITPOINT WARNING * * *
The bat hits you.
* * * LOW HITPOINT WARNING * * *
You miss the bat.
You feel sick. The bat closely misses you. The bat hits you but does no damage.
The bat barely misses you. The bat hits you but does no damage.
The bat closely misses you.
You closely miss the bat. The bat hits you but does no damage.
The bat barely misses you. The bat hits you.
* * * LOW HITPOINT WARNING * * *
You hit the bat.
You kill the bat!
The bat barely misses you. The bat hits you.
* * * LOW HITPOINT WARNING * * *
The bat hits you.
* * * LOW HITPOINT WARNING * * *
The ooze barely misses you.
You sock the bat!
You kill the bat!
* * * LOW HITPOINT WARNING * * *
You feel sick. The ooze hits you.
You die...

######### #.......#
#.......# #.......#
#.......# #######
##.......####.@...#
##.>...........#J###
##...†.....######.#
...#.......# ###..#
.###.......###[..##
.# ###.######..###
## #.# #)## .# ..#
#...#
.......##...#..


You could see an ooze.

Vanquished Creatures
  A hobgoblin (D:1)
  A ball python (D:1)
  3 bats (D:1)
  2 frilled lizards (D:1)
  3 kobolds (D:1)
  A rat (D:1)
11 creatures vanquished.

Vanquished Creatures (others)
  3 fungi (D:1)
3 creatures vanquished.

Grand Total: 14 creatures vanquished

Notes
Turn   | Place    | Note
-------+----------+-------------------------------------------
     0 | D:1      | JPVeigar the Ogre Warper began the quest for the Orb.
     0 | D:1      | Reached XP level 1. HP: 22/22 MP: 3/3
   302 | D:1      | Reached XP level 2. HP: 29/29 MP: 5/5
   330 | D:1      | Learned a level 2 spell: Blink
   349 | D:1      | Slain by an ooze

Illustrated notes

Levels and vault maps discovered:
D:1:      minmay_arrival_plants_in_alcoves, layout_rooms

Skill      XL: |  1 |
---------------+----+-----
Maces & Flails | 2 |  2.0
Fighting       | |  2.6
Throwing       | |  1.0
Dodging        | |  2.1
Spellcasting   | |  2.7
Translocations | |  2.9

Action                   || total
-------------------------++-------
Melee: Mace              ||    29
Throw: Boomerang         ||     2
Armor: Robe              ||    20
Dodge: Dodged            ||    25

Table legend: (Time is in decaauts)
 A = Elapsed time spent in this place.
 B = Non-inter-level travel time spent in this place.
 C = Inter-level travel time spent in this place.
 D = Time resting spent in this place.
 E = Time spent auto-exploring this place.
 F = Levels seen in this place.
 G = Mean time per level.
                   A        B        C        D        E       F      G
               +--------+--------+--------+--------+--------+-----+--------+
         Total |    358 |    358 |      0 |    188 |     66 |   1 |  358.0 |
       Dungeon |    358 |    358 |      0 |    188 |     66 |   1 |  358.0 |
               +--------+--------+--------+--------+--------+-----+--------+

Top non-repeatable levels by time:
     D:1: 358 daAuts
